 Dungeon Crawl Stone Soup version 0.30-a0-1164-ge08a67761e (webtiles) character file.

Game seed: 34581523326904463

657 Pooter the Chopper (level 7, 0/61 HPs)
             Began as a Minotaur Delver on Apr 28, 2023.
             Was a Follower of Okawaru.
             Slain by Edmund
             ... wielding a +4 flail of venom
              (6 damage)
             ... on level 4 of the Dungeon on Apr 29, 2023.
             The game lasted 00:30:39 (4490 turns).

Pooter the Chopper (Minotaur Delver)                Turns: 4490, Time: 00:30:40

Health: 0/61       AC: 13    Str: 18    XL:     7   Next: 29%
Magic:  5/7        EV:  7    Int:  7    God:    Okawaru [*.....]
Gold:   8          SH:  7    Dex: 12    Spells: 6/6 levels left

rFire   + . .        z - +2 whip (venom)
rCold   + . .        v - +2 buckler {reflect}
rNeg    + . .        H - +0 plate armour
rPois   .            (helmet restricted)
rElec   .            o - scarf {rC+ rF+}
rCorr   .            p - +0 pair of gloves
SInv    .            (no boots)
Will    +....        (no amulet) Stlth
                     m - ring of willpower
HPRegen 0.30/turn    N - ring of positive energy
MPRegen 0.10/turn

%: reflection
@: lethally poisoned (0 -> -29), heroic
A: horns 2, retaliatory headbutt
a: Renounce Religion, Heroism


You were on level 4 of the Dungeon.
You worshipped Okawaru.
Okawaru was aware of your devotion.
You visited 1 branch of the dungeon, and saw 5 of its levels.

You collected 235 gold pieces.
You spent 227 gold pieces at shops.

Inventory:

Hand Weapons
 a - a +0 flail
   (You found it on level 5 of the Dungeon)
 b - a +3 heavy sling
   (You found it on level 2 of the Dungeon)
 h - a +0 hand axe
 z - a +2 whip of venom (weapon)
   (You took it off an orc on level 3 of the Dungeon)
 C - a +0 trident
   (You took it off a hobgoblin on level 4 of the Dungeon)
Missiles
 n - 8 poisoned darts (quivered)
 x - a throwing net {!f}
 y - 5 javelins
 A - 3 curare-tipped darts
 Q - 24 stones
Armour
 o - a scarf of resistance (worn)
   (You found it on level 2 of the Dungeon)
 p - a +0 pair of gloves (worn)
   (You found it on level 2 of the Dungeon)
 v - a +2 buckler of reflection (worn)
   (You acquired it on level 1 of the Dungeon)
 H - a +0 plate armour (worn)
   (You found it on level 4 of the Dungeon)
Jewellery
 m - a ring of willpower (left hand)
   (You found it on level 1 of the Dungeon)
 G - a ring of wizardry
   (You took it off an orc on level 4 of the Dungeon)
 N - a ring of positive energy (right hand)
   (You found it on level 2 of the Dungeon)
 W - a ring of wizardry
   (You found it on level 1 of the Dungeon)
Wands
 k - a wand of quicksilver (5)
   (You found it on level 5 of the Dungeon)
 u - a wand of paralysis (4)
   (You found it on level 3 of the Dungeon)
 D - a wand of digging (3)
Scrolls
 c - 3 scrolls of fog
 e - a scroll of fear
 i - a scroll of identify {@r1}
 q - 3 scrolls of noise {!r}
 r - 2 scrolls of silence
 t - a scroll of teleportation {@r4}
 w - a scroll of vulnerability {unknown}
 E - a scroll of immolation {unknown}
 F - 2 scrolls of poison {!r}
Potions
 d - 2 potions of ambrosia {unknown}
 f - 2 potions of haste {@q3}
 g - a potion of heal wounds {@q2}
 j - 3 potions of curing {@q1}
 l - a potion of lignification {unknown}
 s - a potion of flight {unknown}
 B - a potion of resistance {unknown}


   Skills:
 + Level 5.4(10.4) Fighting
 * Level 6.3(11.3) Axes
 * Level 2.7(7.7) Ranged Weapons
 - Level 2.1(7.1) Dodging
 - Level 5.4(10.4) Stealth
 + Level 1.8 Invocations


You had 6 spell levels left.
You didn't know any spells.
Your spell library contained the following spells:

 Spells                   Type           Power      Damage    Failure   Level
 Ozocubu's Armour         Ice            0%         N/A       100%        3
 Ozocubu's Refrigeration  Ice            0%         4d7       100%        7


Dungeon Overview and Level Annotations

Branches:
Dungeon (5/15)             Temple (0/1) D:5

Altars:
Okawaru
Ru
Vehumet
Zin

Shops:
D:1 [=?

Annotations:
D:2 1 runed translucent door, Crazy Yiuf
D:4 Edmund


Innate Abilities, Weirdness & Mutations

You have a pair of horns on your head.
You reflexively headbutt those who attack you in melee.


Message History

The ufetubus shouts!
You shoot a sling bullet. The sling bullet hits the ufetubus!
You kill the ufetubus!
Okawaru accepts your kill.
Things that are here:
a +0 robe; a +2 dagger of freezing; an orc skeleton
Things that are here:
a +0 robe; a +0 dagger; an orc skeleton Edmund shouts!
You shoot a sling bullet. The sling bullet closely misses Edmund.
You shoot a sling bullet.
The sling bullet hits Edmund but does no damage.
You shoot a sling bullet.
The sling bullet hits Edmund but does no damage.
Edmund completely misses you.
Edmund says, "People will remember me!
They'll remember me and die!"
Edmund hits you with a +4 flail of venom.
Your +2 whip of venom begins to drip with poison!
z - a +2 whip of venom (weapon)
Edmund hits you with a +4 flail of venom.
You gain the combat prowess of a mighty hero.
Edmund hits you with a +4 flail of venom.
You are poisoned.
You hit Edmund.
Edmund is poisoned.
You feel sick.
You hit Edmund but do no damage.
Edmund looks as sick as possible!
You feel sick.
Edmund hits you with a +4 flail of venom!
You are more poisoned.
You hit Edmund.
Edmund looks as sick as possible!
Your headbutt misses Edmund.
You feel sick.
Edmund hits you with a +4 flail of venom.
* * * LOW HITPOINT WARNING * * *
You are more poisoned.
You hit Edmund but do no damage.
Edmund looks as sick as possible!
You feel very sick. Edmund hits you but does no damage.
You hit Edmund but do no damage.
You feel very sick.
Unknown command.
You barely miss Edmund.
You feel very sick.
Edmund hits you with a +4 flail of venom!
* * * LOW HITPOINT WARNING * * *
You are more poisoned.
You hit Edmund but do no damage.
* * * LOW HITPOINT WARNING * * *
You feel very sick.
Edmund says, "I'm quite good with sums, too."
Edmund hits you with a +4 flail of venom.
You die...

##..## ##.# #...#
#..# ##..## ##.##
#...## #..# ##...#
#..# #...## ##.##
######....###..#
####..............##
......@@.####...#..##
..######## #..###..##
##..# ##..### #..##
###..# ####..# ##..
###.##.## ##.
###......# ##
##........# #
##........## ##


You could see Edmund (extremely poisoned).

Vanquished Creatures
  Sigmund (D:2)
  An ogre (D:4)
  A phantom (D:4)
  2 orc priests (D:5)
  4 orc wizards
  6 adders
  An ufetubus (D:4)
  3 worms
  4 dart slugs
  16 orcs
  6 endoplasms
  5 giant cockroaches
  6 goblins
  5 hobgoblins
  3 jackals (D:5)
  6 kobolds
  4 quokkas
  5 ball pythons
  9 bats
  6 frilled lizards
  4 rats
98 creatures vanquished.

Vanquished Creatures (others)
  A plant (D:2)
1 creature vanquished.

Grand Total: 99 creatures vanquished

Notes
Turn   | Place    | Note
-------+----------+-------------------------------------------
     0 | D:5      | Pooter the Minotaur Delver began the quest for the Orb.
     0 | D:5      | Reached XP level 1. HP: 19/19 MP: 0/0
    57 | D:5      | Noticed an orc priest
    59 | D:5      | Found a glowing silver altar of Zin.
    62 | D:5      | Noticed an orc wizard
    62 | D:5      | Found an iron altar of Okawaru.
    65 | D:5      | Killed an orc priest
    66 | D:5      | Reached skill level 3 in Axes
    66 | D:5      | Reached XP level 2. HP: 27/27 MP: 1/1
    66 | D:5      | Reached XP level 3. HP: 33/33 MP: 2/2
   141 | D:5      | Became a worshipper of Warmaster Okawaru
   209 | D:5      | Reached skill level 4 in Axes
   209 | D:5      | Reached XP level 4. HP: 26/40 MP: 3/3
   449 | D:4      | Noticed Edmund
   728 | D:3      | Found a radiant altar of Vehumet.
   767 | D:2      | Noticed Sigmund
  1088 | D:2      | Killed Sigmund
  1088 | D:2      | Reached * piety under Okawaru
  1089 | D:2      | Reached skill level 5 in Axes
  1089 | D:2      | Reached skill level 5 in Stealth
  1089 | D:2      | Reached XP level 5. HP: 47/47 MP: 4/4
  1089 | D:2      | Reached XP level 6. HP: 55/55 MP: 5/5
  1527 | D:1      | Found Naoge's Armour Boutique.
  1534 | D:1      | Found Hyoganuh's Magic Scroll Shop.
  1549 | D:1      | Bought a scroll of identify for 26 gold pieces
  1549 | D:1      | Bought a scroll of identify for 26 gold pieces
  1549 | D:1      | Bought a scroll of identify for 26 gold pieces
  1552 | D:1      | Identified a scroll of acquirement
  1553 | D:1      | Acquired a +2 buckler of reflection
  1922 | D:1      | Found Veacoe's Jewellery Shoppe.
  2250 | D:2      | Upgraded the game from 0.30-a0-1163-gf69bf04e7a to
                  | 0.30-a0-1164-ge08a67761e
  2417 | D:2      | Found a runed translucent door.
  2418 | D:2      | Noticed Crazy Yiuf
  2745 | D:3      | Found a faded altar of an unknown god.
  2819 | D:1      | Bought a scroll of poison for 52 gold pieces
  2952 | D:3      | Reached skill level 5 in Fighting
  3001 | D:3      | HP: 2/56 [orc wizard/magic dart (7)]
  3003 | D:3      | Reached skill level 1 in Ranged Weapons
  3420 | D:3      | Found a sacrificial altar of Ru.
  3783 | D:4      | Reached skill level 1 in Invocations
  4065 | D:4      | Reached XP level 7. HP: 61/61 MP: 5/7
  4070 | D:4      | Reached skill level 6 in Axes
  4247 | D:1      | Bought a scroll of enchant weapon for 97 gold pieces
  4490 | D:4      | Slain by Edmund

Illustrated notes

Levels and vault maps discovered:
D:1:      saegor_arrival_fortress, layout_basic, serial_shops, shop,
          nicolae_shop_window_shopping, shop, minmay_misc_feat_pillars,
          minmay_close_crescents
D:2:      layout_loops_ring, hangedman_decor_opposing, minmay_stone_trees_small,
          st_stairs_14, roderic_roman_lattice, chequers_big_river,
          minmay_misc_feat_doors, uniq_crazy_yiuf_cottage, uniq_sigmund
D:3:      layout_loops_ring, nicolae_ru_the_path_less_chosen,
          mainiacjoe_overflow_alcove_1, shapermc_ecumenical_altar_starsandcircs
D:4:      minmay_wonky_spiral, layout_cave_pods, uniq_edmund
D:5:      layout_rooms, mainiacjoe_overflow_catwalk_spiral, temple_pool_b,
          amcnicky_mini_corridor_feature

Skill      XL: |  1  2  3  4  5  6  7 |
---------------+----------------------+-----
Fighting       | 4 5 |  5.4
Axes           | 3 4 5 6 |  6.3
Stealth        | 5 |  5.4
Ranged Weapons | 2 |  2.7
Invocations    | 1 |  1.8
Dodging        | |  2.1

Action                     |  1- 3 |  4- 6 |  7- 9 || total
---------------------------+-------+-------+-------++-------
  Melee: Flail             |     8 |    52 |       ||    60
         Headbutt          |     2 |     4 |     3 ||     9
         Whip              |       |     1 |    27 ||    28
   Fire: Sling             |       |   134 |     8 ||   142
 Invoke: Heroism           |       |     1 |     2 ||     3
  Evoke: Wand              |     4 |     9 |       ||    13
    Use: Scroll            |     1 |    10 |     1 ||    12
   Stab: Sleeping          |       |     3 |       ||     3
 Armour: Leather armour    |     2 |    39 |       ||    41
         Plate armour      |       |       |    18 ||    18
  Dodge: Dodged            |     3 |    69 |     6 ||    78
  Block: Buckler           |       |    17 |     8 ||    25

Table legend: (Time is in decaauts)
 A = Elapsed time spent in this place.
 B = Non-inter-level travel time spent in this place.
 C = Inter-level travel time spent in this place.
 D = Time resting spent in this place.
 E = Time spent auto-exploring this place.
 F = Levels seen in this place.
 G = Mean time per level.
                   A        B        C        D        E       F      G
               +--------+--------+--------+--------+--------+-----+--------+
         Total |   4660 |   4296 |    364 |    827 |   2372 |   5 |  932.0 |
       Dungeon |   4660 |   4296 |    364 |    827 |   2372 |   5 |  932.0 |
               +--------+--------+--------+--------+--------+-----+--------+

Top non-repeatable levels by time:
     D:2: 1276 daAuts
     D:3: 1237 daAuts
     D:4: 879 daAuts
     D:1: 826 daAuts
     D:5: 440 daAuts
